[Event "Titled Tuesday Blitz June 13 Early 2023"]
[White "Skiadopoulos, Nikolaos"]
[Black "Floresvillar Gonzalez, Luis Migu"]
[WhiteFideId "4200772"]
[BlackFideId "5100542"]
[WhiteElo "2022"]
[BlackElo "2040"]
[Result "1-0"]
[Round "9"]
[TimeControl "180+2"]
[Date "2023.06.13"]
[WhiteClock "0:00:53"]
[BlackClock "0:00:00"]
[Board "165"]

1. e4 e5 2. Nf3 Nc6 3. Bc4 Nf6 4. Ng5 d5 5. exd5 Na5 6. Bb5+ c6 7. dxc6 bxc6 8. Be2 h6 9. Nh3 Bxh3 10. gxh3 Bc5 11. O-O h5 12. Bf3 Qd7 13. Bg2 g5 14. c3 Bb6 15. d4 O-O-O 16. Bxg5 Qf5 17. h4 Rhg8 18. f4 exd4 19. Qf3 dxc3+ 20. Kh1 cxb2 21. Nd2 bxa1=Q 22. Rxa1 Ng4 23. h3 Rxg5 24. hxg5 Nf2+ 25. Kh2 Rxd2 26. Rc1 Qe4 27. Qxh5 Nd3 28. Qg4+ Kc7 29. Rf1 Rxa2 30. f5 Qxg4 31. hxg4 Bd4 32. Rd1 Ra3 33. Be4 Nf2 34. Rxd4 Nxe4 35. Rxe4 c5 36. g6 fxg6 37. fxg6 Rb3 38. Re8 Rb2+ 39. Kg3 1-0


[Site "https://www.chess.com"]

[Event "Titled Tuesday Blitz June 13 Early 2023"]
[White "Ankudinova, Yelena"]
[Black "Avazkhonov, Alikhon"]
[WhiteFideId "13702114"]
[BlackFideId "14208504"]
[WhiteElo "1937"]
[BlackElo "1739"]
[Result "0-1"]
[Round "9"]
[TimeControl "180+2"]
[Date "2023.06.13"]
[WhiteClock "0:00:00"]
[BlackClock "0:00:03"]
[Board "166"]

1. c4 e5 2. Nc3 d6 3. g3 f5 4. Bg2 Nf6 5. d4 Be7 6. dxe5 dxe5 7. Qxd8+ Bxd8 8. e4 Nc6 9. Bg5 Nd4 10. O-O-O Nxe4 11. Nxe4 fxe4 12. Bxd8 Kxd8 13. Bxe4 Ke7 14. Nf3 Nxf3 15. Bxf3 Rf8 16. Rd3 Be6 17. Re1 Bxc4 18. Rc3 Be6 19. Rxc7+ Kd6 20. Rc3 Rac8 21. Rd1+ Ke7 22. Rd3 Bxa2 23. Rxc8 Rxc8+ 24. Kd2 Bb1 25. Rb3 b6 26. Ke3 Rc1 27. Ra3 a5 28. Rb3 e4 0-1


[Site "https://www.chess.com"]

[Event "Titled Tuesday Blitz June 13 Early 2023"]
[White "Omariev, Maksim"]
[Black "Lakshmi C"]
[WhiteFideId "4193423"]
[BlackFideId "25035347"]
[WhiteElo "2338"]
[BlackElo "1942"]
[Result "1-0"]
[Round "9"]
[TimeControl "180+2"]
[Date "2023.06.13"]
[WhiteClock "0:01:15"]
[BlackClock "0:00:00"]
[Board "167"]

1. g4 d5 2. Bg2 Nc6 3. h3 Nf6 4. d4 h5 5. g5 Ne4 6. c4 Bf5 7. Nc3 e6 8. cxd5 exd5 9. Nf3 Bb4 10. Bd2 Nxd2 11. Qxd2 O-O 12. a3 Ba5 13. Qf4 Be6 14. O-O-O Bxc3 15. bxc3 Qe7 16. Kb2 Na5 17. Nd2 b5 18. Ra1 Rab8 19. Kc2 Rb6 20. Rhc1 Rfb8 21. Kd1 Rc6 22. Ke1 g6 23. Kf1 Qd7 24. h4 Bf5 25. f3 Nc4 26. e4 Be6 27. Nb3 Qe7 28. Nc5 Rcb6 29. e5 1-0


[Site "https://www.chess.com"]

[Event "Titled Tuesday Blitz June 13 Early 2023"]
[White "Caruana, Fabiano"]
[Black "Kamsky, Gata"]
[WhiteFideId "2020009"]
[BlackFideId "2000024"]
[WhiteElo "2832"]
[BlackElo "2660"]
[Result "1/2-1/2"]
[Round "10"]
[TimeControl "180+2"]
[Date "2023.06.13"]
[WhiteClock "0:00:15"]
[BlackClock "0:00:16"]
[Board "1"]

1. e4 c5 2. Nf3 e6 3. d4 cxd4 4. Nxd4 Nc6 5. Nc3 Qc7 6. g4 a6 7. Be3 b5 8. Nxc6 Qxc6 9. Qd2 Bb7 10. O-O-O Rc8 11. f3 Bb4 12. Bd4 f6 13. g5 e5 14. Be3 fxg5 15. Rg1 h6 16. h4 Nf6 17. hxg5 hxg5 18. Rxg5 Bxc3 19. bxc3 Qxc3 20. Qxc3 Rxc3 21. Rxe5+ Kf7 22. Bd3 Rh5 23. Rxh5 Nxh5 24. Rg1 Rc6 25. e5 Re6 26. f4 g6 27. Kd2 d6 28. exd6 Rxd6 29. Kc3 Re6 30. Kd4 Rd6+ 31. Kc5 Rc6+ 32. Kb4 Re6 33. Bc1 Be4 34. Rd1 Bxd3 35. cxd3 Rc6 36. Ka5 Nf6 37. Bb2 Nd5 38. Be5 Ke6 39. Rg1 Kd7 40. Rh1 b4 41. Rh7+ Ke6 42. Rg7 Kf5 43. Rf7+ Ke6 44. Rg7 Kf5 45. Rf7+ Ke6 46. Rg7 1/2-1/2


[Site "https://www.chess.com"]

[Event "Titled Tuesday Blitz June 13 Early 2023"]
[White "Dubov, Daniil"]
[Black "Carlsen, Magnus"]
[WhiteFideId "24126055"]
[BlackFideId "1503014"]
[WhiteElo "2793"]
[BlackElo "2858"]
[Result "1/2-1/2"]
[Round "10"]
[TimeControl "180+2"]
[Date "2023.06.13"]
[WhiteClock "0:00:11"]
[BlackClock "0:00:10"]
[Board "2"]

1. d4 d5 2. Nf3 Nf6 3. Bg5 Ne4 4. Bh4 Qd6 5. c4 dxc4 6. Nbd2 Nxd2 7. Qxd2 e6 8. e3 Qb4 9. Be2 b5 10. a4 c6 11. Ne5 Bb7 12. Bh5 g6 13. Bf3 a6 14. axb5 axb5 15. Ke2 Qxd2+ 16. Kxd2 Bb4+ 17. Ke2 Na6 18. Nxc6 Bd6 19. Ra5 Nc7 20. Rha1 Rxa5 21. Rxa5 Kd7 22. Ne5+ Bxe5 23. Bxb7 Bd6 24. f4 Rb8 25. Ra7 f5 26. Be1 Ne8 27. g4 Bc7 28. gxf5 gxf5 29. d5 exd5 30. Bxd5 Nd6 31. Ba5 Rc8 32. Kf3 Kd8 33. Bb4 Kd7 34. Ba5 Kd8 35. Bc3 Kd7 36. Be5 Rb8 37. e4 fxe4+ 38. Bxe4 b4 39. Bf5+ Kc6 40. Be6 c3 41. bxc3 b3 42. Ra1 b2 43. Rb1 Ne8 44. Bd4 Bd6 45. c4 Nc7 46. Bd5+ Nxd5 47. cxd5+ Kxd5 48. Rxb2 Rxb2 49. Bxb2 Ke6 50. Kg4 Kf7 51. h3 Bf8 52. f5 Be7 53. Bd4 Bf8 54. Be3 Be7 55. Kf3 Bf8 56. Ke4 Be7 57. Bf4 Bf8 58. Be5 Be7 59. Kf3 Bg5 60. Kg4 Be7 61. Kh5 Bf8 62. Kg5 Kg8 63. Kf6 Bg7+ 64. Ke6 Bxe5 65. Kxe5 Kf7 66. Ke4 Ke7 67. Kf4 Kf6 68. Ke4 Kf7 69. Ke5 Ke7 70. h4 Kf7 71. h5 Ke7 72. h6 Kf7 73. Ke4 Ke7 74. Kf3 Kf7 75. Ke4 Kf6 76. Kf4 Kf7 77. Ke5 Ke7 78. Kd5 Kf6 79. Ke4 Kf7 80. Ke5 Ke7 81. f6+ Kf7 82. Kf5 Kf8 83. Ke4 Kf7 84. Ke5 Kf8 85. Ke6 Ke8 86. f7+ Kf8 87. Kf6 1/2-1/2


[Site "https://www.chess.com"]

[Event "Titled Tuesday Blitz June 13 Early 2023"]
[White "Nakamura, Hikaru"]
[Black "Lazavik, Denis"]
[WhiteFideId "2016192"]
[BlackFideId "13515110"]
[WhiteElo "2874"]
[BlackElo "2560"]
[Result "1/2-1/2"]
[Round "10"]
[TimeControl "180+2"]
[Date "2023.06.13"]
[WhiteClock "0:00:14"]
[BlackClock "0:00:06"]
[Board "3"]

1. e4 e5 2. Nc3 Nf6 3. Bc4 Bc5 4. d3 d6 5. h3 Nc6 6. Nge2 Be6 7. Bb3 h6 8. O-O O-O 9. Na4 Bb6 10. c4 Nd7 11. Kh2 Nc5 12. Nxb6 axb6 13. Be3 f5 14. f3 fxe4 15. dxe4 Qf6 16. Qd2 Qf7 17. Rac1 Ne7 18. Nc3 Ng6 19. Nd5 Nf4 20. Bxf4 exf4 21. Rfe1 Rac8 22. e5 Rcd8 23. Bc2 dxe5 24. Qc3 e4 25. Bxe4 Nxe4 26. Rxe4 Bxd5 27. cxd5 Rxd5 28. Qxc7 Qxc7 29. Rxc7 Rf6 30. Re2 Rf7 31. Re8+ Rf8 32. Ree7 Rg5 33. Rxb7 Rd8 34. Re2 Rd6 35. Rc7 Kh7 36. a4 Rd4 37. b3 Rd3 38. Rb2 Rd1 39. Rc4 Rf5 40. Rb4 Rf6 41. h4 g5 42. Rc2 Re6 43. h5 Ree1 44. Rc7+ Kg8 45. Kh3 Rh1+ 46. Kg4 Rd5 47. g3 Rg1 48. Kh3 Rxg3+ 49. Kh2 Rd2+ 50. Kh1 Rxf3 51. Kg1 Re3 52. Kf1 Rde2 53. Rxb6 Re1+ 54. Kf2 R1e2+ 55. Kf1 Re1+ 56. Kf2 R1e2+ 57. Kf1 1/2-1/2


[Site "https://www.chess.com"]

[Event "Titled Tuesday Blitz June 13 Early 2023"]
[White "Deac, Bogdan-Daniel"]
[Black "Paravyan, David"]
[WhiteFideId "1226380"]
[BlackFideId "4194985"]
[WhiteElo "2644"]
[BlackElo "2563"]
[Result "0-1"]
[Round "10"]
[TimeControl "180+2"]
[Date "2023.06.13"]
[WhiteClock "0:00:00"]
[BlackClock "0:00:03"]
[Board "4"]

1. d4 Nf6 2. Nf3 g6 3. e3 Bg7 4. Be2 O-O 5. O-O d5 6. Nbd2 b6 7. b3 c5 8. Bb2 cxd4 9. Nxd4 Bb7 10. c4 Nc6 11. Rc1 Rc8 12. N4f3 Qd7 13. cxd5 Nxd5 14. Bxg7 Kxg7 15. Qc2 Qe6 16. Bc4 Na5 17. Qb2+ Qf6 18. Qxf6+ exf6 19. Bxd5 Bxd5 20. Nd4 Nc6 21. f3 Nxd4 22. exd4 Rcd8 23. Rfd1 Rfe8 24. Kf2 Re7 25. Nf1 a5 26. Rd2 a4 27. bxa4 Ra7 28. Rb1 Rxa4 29. Rxb6 Bxa2 30. Rbb2 Be6 31. Ke3 f5 32. Ng3 f4+ 33. Kxf4 Rdxd4+ 34. Rxd4 Rxd4+ 35. Ke3 Ra4 36. Ne4 h6 37. Kf2 Ra3 38. h4 Bf5 39. Nd6 Be6 40. Rb8 Ra2+ 41. Kg3 Kf6 42. Ne4+ Kg7 43. Rd8 Ra7 44. Kf4 Rd7 45. Rb8 Rd5 46. Rb2 Rf5+ 47. Kg3 Ra5 48. Kf4 Rf5+ 49. Ke3 Ra5 50. g4 Bd5 51. Kf4 Bxe4 52. Kxe4 Ra4+ 53. Ke3 h5 54. Rg2 hxg4 0-1


[Site "https://www.chess.com"]

[Event "Titled Tuesday Blitz June 13 Early 2023"]
[White "Terry, Renato"]
[Black "Andreikin, Dmitry"]
[WhiteFideId "3803457"]
[BlackFideId "4158814"]
[WhiteElo "2575"]
[BlackElo "2736"]
[Result "1/2-1/2"]
[Round "10"]
[TimeControl "180+2"]
[Date "2023.06.13"]
[WhiteClock "0:00:52"]
[BlackClock "0:00:49"]
[Board "5"]

1. d4 Nf6 2. Bg5 g6 3. c3 Bg7 4. Nd2 O-O 5. e4 d6 6. Ngf3 Nc6 7. Be2 e5 8. dxe5 Nxe5 9. Nxe5 dxe5 10. O-O Be6 11. Qc2 h6 12. Be3 Ng4 13. Bc5 Re8 14. h3 Nf6 15. Rad1 Nd7 16. Be3 Qe7 17. Bc4 Nb6 18. Bxe6 Qxe6 19. Qb3 Qc6 20. Qc2 Rad8 21. b3 Kh7 22. c4 Nd7 23. b4 Nf8 24. b5 Qf6 25. Nb3 Ne6 26. Nc5 Nxc5 27. Bxc5 Bf8 28. Be3 c5 29. Rxd8 Rxd8 30. Rd1 b6 31. Rd3 h5 32. Qd1 Rxd3 33. Qxd3 Qd6 34. Qxd6 Bxd6 35. g4 hxg4 36. hxg4 f6 37. Kg2 g5 38. Kf3 Kg6 39. Ke2 Kf7 40. Kd3 Ke6 41. a4 Be7 42. a5 Bd6 43. Kc2 Be7 44. Kb3 Kd7 45. Ka4 Bd6 46. Bd2 Be7 47. Bc3 Bd6 48. Bd2 Be7 49. Bc3 Bd6 50. Bd2 1/2-1/2


[Site "https://www.chess.com"]

[Event "Titled Tuesday Blitz June 13 Early 2023"]
[White "Bok, Benjamin"]
[Black "Nihal Sarin"]
[WhiteFideId "1017063"]
[BlackFideId "25092340"]
[WhiteElo "2657"]
[BlackElo "2689"]
[Result "1/2-1/2"]
[Round "10"]
[TimeControl "180+2"]
[Date "2023.06.13"]
[WhiteClock "0:00:12"]
[BlackClock "0:00:11"]
[Board "6"]

1. d4 d5 2. c4 e6 3. Nc3 h6 4. Nf3 Nf6 5. Bf4 Bd6 6. Bxd6 Qxd6 7. e3 O-O 8. Rc1 Qe7 9. Qc2 c6 10. a3 Nbd7 11. cxd5 exd5 12. Bd3 Re8 13. Nd2 c5 14. O-O c4 15. Bf5 Nb6 16. Rfe1 Bxf5 17. Qxf5 Rad8 18. h3 a6 19. e4 dxe4 20. Ndxe4 Nfd5 21. Nxd5 Nxd5 22. Rxc4 g6 23. Qf3 Kg7 24. Rcc1 b6 25. g3 Qd7 26. Kg2 Re6 27. Nc3 Rd6 28. Nxd5 Rxd5 29. Re4 Rxd4 30. Qc3 Qd5 31. Qxd4+ Qxd4 32. Rxd4 Rxd4 33. Rc6 b5 34. Rxa6 Rd3 35. b4 h5 36. h4 Rb3 37. Ra5 Kf6 38. Rxb5 Rxa3 39. Rb7 Rb3 40. b5 Ke6 41. b6 f6 42. Rb8 Kf7 43. Kf1 Rb2 44. Ke1 g5 45. hxg5 fxg5 46. Kf1 Kg7 47. f4 gxf4 48. gxf4 Rb4 49. Kg2 Rxf4 50. Rc8 Rb4 51. Rc6 Kf7 52. Kh3 Ke7 53. Rh6 Kd7 54. b7 Rxb7 55. Rh7+ Kc8 56. Rxb7 Kxb7 57. Kh4 Kb6 58. Kxh5 1/2-1/2


[Site "https://www.chess.com"]

[Event "Titled Tuesday Blitz June 13 Early 2023"]
[White "Sadhwani, Raunak"]
[Black "Babazada, Khazar"]
[WhiteFideId "35093487"]
[BlackFideId "13413554"]
[WhiteElo "2631"]
[BlackElo "2369"]
[Result "1-0"]
[Round "10"]
[TimeControl "180+2"]
[Date "2023.06.13"]
[WhiteClock "0:00:10"]
[BlackClock "0:00:15"]
[Board "7"]

1. e4 e5 2. Nf3 Nc6 3. Bc4 Nf6 4. d3 Bc5 5. O-O d6 6. c3 O-O 7. h3 a5 8. Re1 Be6 9. Bb5 Ba7 10. d4 exd4 11. cxd4 d5 12. e5 Ne4 13. Nc3 f5 14. exf6 Qxf6 15. Bxc6 bxc6 16. Nxe4 dxe4 17. Rxe4 Bd5 18. Rf4 Qe7 19. Ne1 Rxf4 20. Bxf4 Rf8 21. Be3 c5 22. dxc5 c6 23. Qg4 Bb8 24. Nd3 Qf7 25. Re1 Bxa2 26. Bd4 Bd5 27. Be5 Bxe5 28. Rxe5 Bc4 29. Ne1 Qxf2+ 30. Kh2 Bd5 31. Nd3 Qf6 32. Re3 h6 33. Ne5 Kh7 34. Qg3 Qf4 35. Nd7 Rf5 36. Nb6 Bf7 37. Rf3 Qxg3+ 38. Kxg3 Rxf3+ 39. Kxf3 Kg6 40. Ke4 Kg5 41. Ke5 Kh4 42. Kd6 Kg3 43. Kxc6 Kxg2 44. Kd6 Bg6 45. c6 Bd3 46. c7 Ba6 47. h4 g5 48. h5 Kh2 49. Nd5 g4 50. Ke5 g3 51. Nf4 g2 52. Nxg2 Kxg2 53. Kf6 Kf2 54. Kg6 Ke2 55. Kxh6 Kd2 56. Kg5 Kc2 57. h6 Kxb2 58. h7 a4 59. h8=Q+ Kb3 60. Qb8+ 1-0


[Site "https://www.chess.com"]

[Event "Titled Tuesday Blitz June 13 Early 2023"]
[White "Bharath Subramaniyam H"]
[Black "Lintchevski, Daniil"]
[WhiteFideId "46634827"]
[BlackFideId "4171055"]
[WhiteElo "2400"]
[BlackElo "2559"]
[Result "1-0"]
[Round "10"]
[TimeControl "180+2"]
[Date "2023.06.13"]
[WhiteClock "0:00:05"]
[BlackClock "0:00:00"]
[Board "8"]

1. b3 Nf6 2. Bb2 g6 3. Nf3 Bg7 4. g3 O-O 5. Bg2 b6 6. c4 Bb7 7. d4 e6 8. O-O d5 9. a4 a5 10. Na3 Na6 11. Rc1 Ne4 12. e3 Qe7 13. Qe2 Rfd8 14. Nb5 c6 15. Nc3 c5 16. Nb5 Nb4 17. Rfd1 Rac8 18. dxc5 bxc5 19. Bxg7 Kxg7 20. cxd5 exd5 21. Nd2 Qf6 22. Bh3 Rb8 23. Nxe4 dxe4 24. Rxd8 Rxd8 25. Rxc5 Nd3 26. Rc7 Qa1+ 27. Bf1 Ba6 28. Qc2 Ne1 29. Qc4 Nf3+ 30. Kg2 Ne1+ 31. Kh1 Qf6 32. Qe2 Nf3 33. Rc2 h5 34. Qc4 Rd1 35. Rc1 Nd2 36. Qc2 Rxc1 37. Qxc1 Qxf2 38. Bg2 Qxe3 39. Nc3 Bd3 40. Nd5 Qd4 41. h4 Qxd5 42. Qxd2 Qd4 43. Qxa5 e3 44. Qe1 Be4 45. Bxe4 Qxe4+ 46. Kg1 Qd3 47. a5 Qd2 48. Kf1 Qd3+ 49. Qe2 Qxb3 50. a6 Qa3 51. Kg2 f5 52. Kf3 Qd6 53. Qc4 e2 54. Kxe2 1-0


[Site "https://www.chess.com"]

[Event "Titled Tuesday Blitz June 13 Early 2023"]
[White "Galchenko, Matvey"]
[Black "Kramnik, Vladimir"]
[WhiteFideId "24175480"]
[BlackFideId "4101588"]
[WhiteElo "2423"]
[BlackElo "2703"]
[Result "1-0"]
[Round "10"]
[TimeControl "180+2"]
[Date "2023.06.13"]
[WhiteClock "0:00:09"]
[BlackClock "0:00:00"]
[Board "9"]

1. f4 d5 2. Nf3 Nf6 3. g3 e6 4. Bg2 Be7 5. O-O b5 6. d3 Bb7 7. a4 b4 8. a5 O-O 9. Ne5 c5 10. Qe1 a6 11. c3 Nc6 12. Nxc6 Bxc6 13. Nd2 bxc3 14. bxc3 Rb8 15. Nf3 d4 16. cxd4 Bxf3 17. Rxf3 cxd4 18. Bd2 Nd5 19. Rf1 Nc3 20. f5 exf5 21. Rxf5 Qd7 22. Rf2 Rfe8 23. Rc1 Bb4 24. Qf1 Re7 25. Bf3 Bxa5 26. Ra1 Rb5 27. Qg2 Rc5 28. Kh1 h5 29. g4 hxg4 30. Bxg4 Qc6 31. Bf3 Qg6 32. Qh3 Qf6 33. Rg2 Nxe2 34. Bxa5 Nf4 35. Qg3 Nxg2 36. Bxg2 Rg5 37. Qb8+ Kh7 38. Qb7 g6 39. Qf3 Rf5 40. Qh3+ Rh5 41. Qg3 Qg5 42. Qxg5 Rxg5 43. Bd8 Rxg2 44. Bxe7 Rd2 45. Ra3 Rd1+ 46. Kg2 Rd2+ 47. Kg3 a5 48. Bc5 a4 49. Bxd4 g5 50. Be3 Re2 51. Bxg5 Kg6 52. Bf4 f6 53. Kf3 Rc2 54. Rxa4 Rc3 55. Rd4 Rb3 56. Rd6 1-0


[Site "https://www.chess.com"]

[Event "Titled Tuesday Blitz June 13 Early 2023"]
[White "Arutinian, David"]
[Black "Madaminov, Mukhiddin"]
[WhiteFideId "13601741"]
[BlackFideId "14210703"]
[WhiteElo "2525"]
[BlackElo "2511"]
[Result "1-0"]
[Round "10"]
[TimeControl "180+2"]
[Date "2023.06.13"]
[WhiteClock "0:00:52"]
[BlackClock "0:00:08"]
[Board "10"]

1. Nf3 Nf6 2. c4 g6 3. Nc3 d5 4. cxd5 Nxd5 5. d3 Bg7 6. Bd2 O-O 7. g3 b6 8. Bg2 Bb7 9. O-O c5 10. Qa4 Nb4 11. a3 Bc6 12. Qb3 Nd5 13. Qc4 Nxc3 14. Bxc3 h6 15. Bxg7 Kxg7 16. b4 Nd7 17. Qc3+ Kg8 18. bxc5 bxc5 19. Rfc1 Rb8 20. Nd2 Bxg2 21. Kxg2 Qc7 22. Ne4 Qc6 23. Kg1 Rfc8 24. Qd2 Kg7 25. Rc4 Qd5 26. Rac1 Rb6 27. Qc3+ Kg8 28. Nxc5 Rbc6 29. Nxd7 Rxc4 30. dxc4 Qxd7 31. c5 Qc6 32. Qe3 Qa6 33. Rc2 e6 34. Qc3 Qc6 35. Qd3 h5 36. h4 a5 37. Rc1 Qa4 38. Qc3 Rc6 39. e3 Kh7 40. Rb1 Rc7 41. Rb8 Qd1+ 42. Kh2 f6 43. Qxf6 Rg7 44. Qf8 Kh6 45. Qh8+ Rh7 46. Qf8+ Rg7 47. Rb7 1-0


[Site "https://www.chess.com"]

[Event "Titled Tuesday Blitz June 13 Early 2023"]
[White "Matlakov, Maxim"]
[Black "Horvath, Dominik"]
[WhiteFideId "4168003"]
[BlackFideId "1642561"]
[WhiteElo "2666"]
[BlackElo "2407"]
[Result "0-1"]
[Round "10"]
[TimeControl "180+2"]
[Date "2023.06.13"]
[WhiteClock "0:00:10"]
[BlackClock "0:00:10"]
[Board "11"]

1. d4 Nf6 2. Nf3 g6 3. g3 Bg7 4. Bg2 O-O 5. O-O d5 6. c3 Bg4 7. Ne5 Bf5 8. c4 c5 9. dxc5 Qc7 10. Bf4 Qxc5 11. cxd5 Nh5 12. Be3 Qc7 13. Nd3 Bxd3 14. Qxd3 Bxb2 15. Na3 Bxa1 16. Rxa1 Nf6 17. Nb5 Qa5 18. d6 Nc6 19. Rb1 a6 20. Bxc6 bxc6 21. dxe7 Rfb8 22. Nd4 Rxb1+ 23. Qxb1 Qc7 24. Bg5 Qxe7 25. Nxc6 Qd6 26. Qb7 Re8 27. Bf4 Qd1+ 28. Kg2 Qxe2 29. Nb4 a5 30. Nc6 Qe4+ 31. Kg1 Qe1+ 32. Kg2 Ng4 33. Qb6 Qe4+ 34. Kg1 Qd5 35. Nd4 Re1# 0-1


[Site "https://www.chess.com"]

[Event "Titled Tuesday Blitz June 13 Early 2023"]
[White "Keymer, Vincent"]
[Black "Nazari, Arad"]
[WhiteFideId "12940690"]
[BlackFideId "12577324"]
[WhiteElo "2669"]
[BlackElo "2175"]
[Result "1-0"]
[Round "10"]
[TimeControl "180+2"]
[Date "2023.06.13"]
[WhiteClock "0:00:07"]
[BlackClock "0:00:00"]
[Board "12"]

1. a3 g6 2. d4 Bg7 3. e4 d5 4. exd5 Qxd5 5. Nf3 Nf6 6. Nc3 Qd8 7. Bc4 a6 8. Bf4 b5 9. Ba2 Bb7 10. Qe2 O-O 11. O-O-O Nbd7 12. h4 Nb6 13. h5 Nfd5 14. hxg6 hxg6 15. Nxd5 Bxd5 16. Bxd5 Nxd5 17. Be5 Qd7 18. Qe4 Rfd8 19. Ng5 Qf5 20. Qh4 f6 21. f4 Ne3 22. Rd3 fxe5 23. Rxe3 Rxd4 24. g4 Qf6 25. fxe5 Qf4 26. Qh7+ Kf8 27. Ne6+ 1-0


[Site "https://www.chess.com"]

[Event "Titled Tuesday Blitz June 13 Early 2023"]
[White "Gadimbayli, Abdulla"]
[Black "Le, Tuan Minh"]
[WhiteFideId "13404938"]
[BlackFideId "12401153"]
[WhiteElo "2386"]
[BlackElo "2566"]
[Result "1-0"]
[Round "10"]
[TimeControl "180+2"]
[Date "2023.06.13"]
[WhiteClock "0:00:13"]
[BlackClock "0:00:00"]
[Board "13"]

1. e4 c5 2. Nf3 Nf6 3. e5 Nd5 4. Nc3 Nxc3 5. dxc3 Nc6 6. Bf4 e6 7. Qd2 h6 8. h4 Qc7 9. Bd3 b6 10. O-O-O Bb7 11. Be4 O-O-O 12. Kb1 Be7 13. h5 Na5 14. Qe2 Bxe4 15. Qxe4 Qc6 16. Qe2 Nb7 17. Rd2 d5 18. exd6 Bxd6 19. Bxd6 Rxd6 20. Rxd6 Nxd6 21. Rd1 Rd8 22. Qe5 f6 23. Qxe6+ Kc7 24. Qg4 Qd7 25. Qg3 Qe7 26. a3 Kc6 27. Re1 Qf7 28. Nh4 Qxh5 29. Qf4 Re8 30. Qa4+ b5 31. Qa6+ Kd5 32. Rc1 Qe2 33. Qxa7 Kc6 34. Qa6+ Kc7 35. Nf3 Nc4 36. Qa7+ Kc6 37. Qf7 Re7 38. Qf8 Rd7 39. Qc8+ Rc7 40. Qa8+ Kb6 41. Re1 1-0


[Site "https://www.chess.com"]

[Event "Titled Tuesday Blitz June 13 Early 2023"]
[White "Sarana, Alexey"]
[Black "Wojtaszek, Radoslaw"]
[WhiteFideId "24133795"]
[BlackFideId "1118358"]
[WhiteElo "2714"]
[BlackElo "2586"]
[Result "1-0"]
[Round "10"]
[TimeControl "180+2"]
[Date "2023.06.13"]
[WhiteClock "0:01:42"]
[BlackClock "0:00:14"]
[Board "14"]

1. d4 Nf6 2. c4 e6 3. Nc3 Bb4 4. e3 c5 5. Bd3 Nc6 6. Ne2 d5 7. a3 Bxc3+ 8. bxc3 dxc4 9. Bxc4 O-O 10. O-O b6 11. Ng3 e5 12. d5 Na5 13. Ba2 Ba6 14. Re1 Bc4 15. e4 Bxa2 16. Rxa2 Nc4 17. Bg5 h6 18. Bc1 Ne8 19. f4 Ned6 20. Qg4 Qf6 21. f5 g5 22. h4 Qg7 23. Nh5 Qh8 24. hxg5 1-0


[Site "https://www.chess.com"]

[Event "Titled Tuesday Blitz June 13 Early 2023"]
[White "Molina, Roberto Junio Brito"]
[Black "Bortnyk, Olexandr"]
[WhiteFideId "2109450"]
[BlackFideId "14120828"]
[WhiteElo "2376"]
[BlackElo "2733"]
[Result "1-0"]
[Round "10"]
[TimeControl "180+2"]
[Date "2023.06.13"]
[WhiteClock "0:00:17"]
[BlackClock "0:00:15"]
[Board "15"]

1. d4 d6 2. e4 Nf6 3. Nc3 Nbd7 4. Nf3 e5 5. Bc4 Be7 6. O-O O-O 7. Re1 c6 8. a4 a5 9. b3 Qc7 10. Ba3 h6 11. h3 Re8 12. Qd2 Nf8 13. d5 Ng6 14. Rad1 c5 15. Bc1 Nf4 16. Bf1 g5 17. Kh2 Kg7 18. Ng1 g4 19. h4 g3+ 20. fxg3 Ng4+ 21. Kh1 Nh5 22. Nge2 c4 23. Nb5 Qc5 24. bxc4 Nf2+ 25. Kh2 Ng4+ 26. Kh1 Bd7 27. Ba3 Nf2+ 28. Kh2 Ng4+ 29. Kh1 Qf2 30. Qd3 Bxh4 31. Qf3 Bxg3 32. Nxd6 Qxf3 33. gxf3 Nf2+ 34. Kg2 Rg8 35. Nxg3 Nxd1 36. Nxh5+ Kh8+ 37. Kh2 Rg5 38. Nxf7+ Kg8 39. Nxg5 Nc3 40. Nf6+ Kg7 41. Nxd7 hxg5 42. Nxe5 1-0


[Site "https://www.chess.com"]

[Event "Titled Tuesday Blitz June 13 Early 2023"]
[White "Sjugirov, Sanan"]
[Black "Mekhitarian, Krikor Sevag"]
[WhiteFideId "4189302"]
[BlackFideId "2107660"]
[WhiteElo "2569"]
[BlackElo "2604"]
[Result "0-1"]
[Round "10"]
[TimeControl "180+2"]
[Date "2023.06.13"]
[WhiteClock "0:00:00"]
[BlackClock "0:00:08"]
[Board "16"]

1. e4 e6 2. d4 d5 3. Nc3 Nf6 4. e5 Nfd7 5. f4 c5 6. Nf3 Nc6 7. Be3 cxd4 8. Nxd4 Qb6 9. Qd2 Qxb2 10. Rb1 Qa3 11. Bb5 Nxd4 12. Bxd4 a6 13. Bxd7+ Bxd7 14. Rb3 Qe7 15. Rxb7 Qh4+ 16. g3 Qd8 17. Qe3 Qc8 18. Rb3 Be7 19. f5 Qc6 20. Rb6 Qc4 21. f6 Bd8 22. Rb7 Bc6 23. Rb3 g6 24. Kf2 Ba5 25. Rhb1 h5 26. h4 Rc8 27. Ne2 Qxc2 28. Rc1 Qf5+ 29. Kg2 Kd7 30. Kh2 Bb5 31. Rbb1 Rc2 32. Rxc2 Qxc2 33. Rb2 Qc4 34. a4 Qxa4 35. Nc3 Qc4 36. Nxb5 axb5 0-1


[Site "https://www.chess.com"]

[Event "Titled Tuesday Blitz June 13 Early 2023"]
[White "Krzyzanowski, Marcin"]
[Black "Swiercz, Dariusz"]
[WhiteFideId "1132199"]
[BlackFideId "1126881"]
[WhiteElo "2471"]
[BlackElo "2620"]
[Result "0-1"]
[Round "10"]
[TimeControl "180+2"]
[Date "2023.06.13"]
[WhiteClock "0:00:03"]
[BlackClock "0:00:13"]
[Board "17"]

1. Nf3 Nf6 2. c4 g6 3. Nc3 Bg7 4. g3 d6 5. Bg2 O-O 6. O-O c6 7. d4 Bf5 8. Nh4 Be6 9. b3 d5 10. cxd5 cxd5 11. Bb2 Nc6 12. Rc1 Rc8 13. Nf3 Bf5 14. Ne5 Ne4 15. Nxe4 Bxe4 16. Nxc6 Rxc6 17. Rxc6 bxc6 18. Qd2 Bxg2 19. Kxg2 Qd7 20. Rc1 Rc8 21. e3 h5 22. h4 Bf6 23. Qd3 c5 24. Kg1 Qb7 25. Rc2 c4 26. bxc4 Rxc4 27. Rxc4 dxc4 28. Qc2 e6 29. Bc3 Qb5 30. e4 Be7 31. Qd2 Qb1+ 32. Qe1 Qxe1+ 33. Bxe1 f5 34. f3 Kf7 35. Kf2 Ke8 36. Ke3 Bd6 37. exf5 gxf5 38. d5 Bc5+ 39. Kf4 exd5 40. Ke5 d4 41. Kd5 Bb6 42. Kxc4 Kd7 43. Kd5 d3 44. Kc4 Bf2 45. Bd2 Bxg3 46. Kxd3 Bxh4 47. Kd4 Ke6 48. Kc5 Bf2+ 49. Kc6 h4 50. Bf4 Bg3 51. Be3 h3 52. Bg1 h2 53. Bxh2 Bxh2 54. Kb7 Bg1 55. a4 Kd5 56. a5 Bc5 57. a6 Kd4 58. Kc6 Bb6 59. Kd6 Ke3 60. Ke5 f4 0-1


[Site "https://www.chess.com"]

[Event "Titled Tuesday Blitz June 13 Early 2023"]
[White "Elsa167"]
[Black "Hafiz, Arif Abdul"]
[BlackFideId "7104227"]
[WhiteElo "2906"]
[BlackElo "2198"]
[Result "0-1"]
[Round "10"]
[TimeControl "180+2"]
[Date "2023.06.13"]
[WhiteClock "0:00:00"]
[BlackClock "0:00:06"]
[Board "18"]

1. d4 Nf6 2. c4 g6 3. Nc3 d5 4. cxd5 Nxd5 5. e4 Nxc3 6. bxc3 Bg7 7. Bc4 c5 8. Ne2 O-O 9. Be3 Nc6 10. h4 cxd4 11. cxd4 Qa5+ 12. Kf1 b5 13. Bb3 h5 14. Qc1 Bb7 15. Bh6 Rac8 16. Bxg7 Kxg7 17. Qe3 Qb6 18. g4 e5 19. gxh5 Nxd4 20. Rg1 Nxb3 21. axb3 Qxe3 22. fxe3 a6 23. Rg5 Kf6 24. hxg6 fxg6 25. Kf2 Rc2 26. Rg4 Bc8 27. Rg2 Bb7 28. Rg4 Kg7+ 29. Ke1 Rf3 30. Ng3 Rh2 31. Rc1 Kh6 32. Rc7 Rxe3+ 33. Kf1 Rxb3 34. Kg1 Rh3 35. Nf1 Rhf3 36. Rxb7 Rb1 37. Rb6 Rbxf1+ 38. Kg2 R1f2+ 39. Kg1 Rf1+ 40. Kg2 R3f2+ 41. Kh3 Rh1+ 42. Kg3 Rg1+ 43. Kxf2 Rxg4 44. Kf3 Rxh4 45. Rxa6 Rf4+ 46. Ke3 Rh4 47. Re6 Rh3+ 48. Ke2 Rh5 49. Rb6 Kg5 50. Rxb5 Kf4 51. Kd3 Rh3+ 52. Kc4 Kxe4 53. Rb6 g5 54. Rg6 Kf5 55. Rg8 g4 56. Kd5 Rd3+ 57. Kc4 Rd4+ 58. Kc3 Kf4 59. Rf8+ Ke3 60. Re8 e4 61. Rg8 Rd3+ 62. Kc2 Kf3 63. Rf8+ Ke2 64. Rg8 Rd2+ 65. Kc3 e3 66. Rxg4 Rd8 67. Rg7 Ke1 68. Rg1+ Kf2 69. Rg8 e2 70. Rxd8 e1=Q+ 71. Kc2 Qe4+ 72. Kc1 Qc6+ 73. Kd1 Qa4+ 74. Kc1 Qc4+ 75. Kb1 Qb5+ 76. Kc1 Qc6+ 77. Kd1 Qc7 78. Rd2+ Kf1 79. Rd3 Qc4 80. Kd2 Qb4+ 81. Ke3 Qc5+ 82. Kf3 Qf5+ 83. Ke3 Qe5+ 84. Kf3 Qe2+ 0-1


[Site "https://www.chess.com"]